SKY
VANCOUVER CASCADES @ ARIZONA DIAMONDBACKS
05/16/2052
 
TOP OF THE 1ST
Vancouver Cascades batting - Pitching for Arizona Diamondbacks : RHP Jon Brownell
Pitching: RHP Jon Brownell
Batting: LHB Rey Esparza 0-0: Called Strike
0-1: SINGLE (Line Drive, 4M, EV 111.3 MPH)
Batting: LHB Tony Patino 0-0: Ball
Rey Esparza steals 2nd base
1-0: Swinging Strike
1-1: Foul Ball, location: 2F
1-2: Foul Ball, location: 2RF
1-2: Fly out, F6 (Popup, 6MD, EV 61.9 MPH)
Batting: LHB Lawrence Carla 0-0: Ball
1-0: Fly out, F8 (Flyball, 78S, EV 81.3 MPH)
Batting: LHB Tony Wichmann 0-0: Called Strike
0-1: Ball
1-1: Ball
2-1: SINGLE (Groundball, 15S, EV 71.3 MPH) (infield hit)
Rey Esparza to third
Batting: RHB Echo Warren 0-0: Called Strike
0-1: Ball
1-1: Foul Ball, location: 2F
1-2: Ball
2-2: Strikes out looking
Top of the 1st over - 0 runs, 2 hits, 0 errors, 2 left on base; Vancouver 0 - Arizona 0
BOTTOM OF THE 1ST
Arizona Diamondbacks batting - Pitching for Vancouver Cascades : RHP Dewitt Harris
Pitching: RHP Dewitt Harris
Batting: RHB Gaius Raton 0-0: Swinging Strike
0-1: Called Strike
0-2: Fly out, F9 (Flyball, 9LD, EV 96.3 MPH)
Batting: LHB Wil Solís 0-0: Swinging Strike
0-1: Fly out, F6 (Popup, 6M, EV 62.5 MPH)
Batting: LHB Peter Conrad 0-0: Swinging Strike
0-1: Ball
1-1: Ball
2-1: Ball
3-1: Base on Balls
Batting: LHB Michael Freeman 0-0: Ball
1-0: Swinging Strike
1-1: Called Strike
1-2: Ball
2-2: Ball
3-2: Ground out 5-3 (Groundball, 6S, EV 66.3 MPH)
Bottom of the 1st over - 0 runs, 0 hits, 0 errors, 1 left on base; Vancouver 0 - Arizona 0
TOP OF THE 2ND
Vancouver Cascades batting - Pitching for Arizona Diamondbacks : RHP Jon Brownell
Batting: RHB Jessie Cochran 0-0: Ball
1-0: Ball
2-0: Called Strike
2-1: Foul Ball, location: 25FF
2-2: Ball
3-2: Strikes out swinging
Batting: RHB Alan Rector 0-0: Called Strike
0-1: Ball
1-1: Hit by Pitch
Batting: RHB Francis Moreland 0-0: Ball
1-0: Ball
2-0: Called Strike
2-1: Ball
3-1: Called Strike
3-2: Strikes out swinging
Batting: LHB Frank Hare 0-0: Ball
1-0: Foul Ball, location: 7LDF
1-1: Fly out, F8 (Flyball, 8RD, EV 97.5 MPH)
Top of the 2nd over - 0 runs, 0 hits, 0 errors, 1 left on base; Vancouver 0 - Arizona 0
BOTTOM OF THE 2ND
Arizona Diamondbacks batting - Pitching for Vancouver Cascades : RHP Dewitt Harris
Batting: RHB Duncan Hancock 0-0: Called Strike
0-1: Ball
1-1: DOUBLE (Flyball, 8LXD, EV 110.6 MPH)
Batting: RHB Tadd Bateman 0-0: Ball
1-0: Foul Ball, location: 2F
1-1: Ground out 5-3 (Groundball, 56S, EV 78.8 MPH)
Batting: LHB Oliver Paradis 0-0: Foul Ball, location: 7LMF
0-1: Ball
1-1: DOUBLE (Flyball, 8LD, EV 99.4 MPH)
Duncan Hancock scores
Batting: RHB Josef Horne 0-0: Fly out, F8 (Flyball, 8LS, EV 92.5 MPH)
Batting: RHB Luís Estrada 0-0: Called Strike
0-1: Ball
1-1: Fly out, F9 (Flyball, 9S, EV 78.1 MPH)
Bottom of the 2nd over - 1 run, 2 hits, 0 errors, 1 left on base; Vancouver 0 - Arizona 1
TOP OF THE 3RD
Vancouver Cascades batting - Pitching for Arizona Diamondbacks : RHP Jon Brownell
Batting: LHB Rey Esparza 0-0: Ball
1-0: Ground out 1-3 (Groundball, 13S, EV 75.0 MPH)
Batting: LHB Tony Patino 0-0: Ground out 6-3 (Groundball, 6, EV 84.4 MPH)
Batting: LHB Lawrence Carla 0-0: Swinging Strike
0-1: Swinging Strike
0-2: Strikes out swinging
Top of the 3rd over - 0 runs, 0 hits, 0 errors, 0 left on base; Vancouver 0 - Arizona 1
BOTTOM OF THE 3RD
Arizona Diamondbacks batting - Pitching for Vancouver Cascades : RHP Dewitt Harris
Batting: RHB Gaius Raton 0-0: Ball
1-0: Foul Ball, location: 2F
1-1: Ground out U3 (Groundball, 3, EV 97.5 MPH)
Batting: LHB Wil Solís 0-0: Called Strike
0-1: Called Strike
0-2: Foul Ball, location: 3F
0-2: Ball
1-2: Ball
2-2: Ball
3-2: SINGLE (Flyball, 7LS, EV 90.6 MPH)
Batting: LHB Peter Conrad 0-0: Foul Ball, location: 5FF
0-1: Foul Ball, location: 2F
0-2: Ball
1-2: Ball
2-2: Strikes out looking
Batting: LHB Michael Freeman 0-0: Ball
1-0: Called Strike
Wil Solís steals 2nd base
1-1: Called Strike
1-2: Ball
2-2: Ball
3-2: Strikes out looking
Bottom of the 3rd over - 0 runs, 1 hit, 0 errors, 1 left on base; Vancouver 0 - Arizona 1
TOP OF THE 4TH
Vancouver Cascades batting - Pitching for Arizona Diamondbacks : RHP Jon Brownell
Batting: LHB Tony Wichmann 0-0: Ball
1-0: Foul Ball, location: 7LMF
1-1: Foul Ball, location: 23F
1-2: Strikes out looking
Batting: RHB Echo Warren 0-0: Called Strike
0-1: Ball
1-1: Ball
2-1: Fly out, F3 (Popup, 3SF, EV 76.9 MPH)
Batting: RHB Jessie Cochran 0-0: Called Strike
0-1: Ball
1-1: Ball
2-1: Fly out, F8 (Line Drive, 8RD, EV 84.4 MPH)
Top of the 4th over - 0 runs, 0 hits, 0 errors, 0 left on base; Vancouver 0 - Arizona 1
BOTTOM OF THE 4TH
Arizona Diamondbacks batting - Pitching for Vancouver Cascades : RHP Dewitt Harris
Batting: RHB Duncan Hancock 0-0: Called Strike
0-1: Ball
1-1: Swinging Strike
1-2: Ball
2-2: Ball
3-2: Foul Ball, location: 9LSF
3-2: Foul Ball, location: 3SF
3-2: Fly out, F6 (Popup, 15S, EV 93.1 MPH)
Batting: RHB Tadd Bateman 0-0: Ball
1-0: Ball
2-0: Called Strike
2-1: Ball
3-1: Base on Balls
Batting: LHB Oliver Paradis 0-0: Single, Error in OF, E9, batter to second base (Line Drive, 9LS, EV 108.8 MPH)
Tadd Bateman to third
Batting: RHB Josef Horne 0-0: Called Strike
0-1: Called Strike
0-2: Ball
1-2: Strikes out swinging
Batting: RHB Luís Estrada 0-0: Swinging Strike
0-1: Ball
1-1: Ball
2-1: Foul Ball, location: 3DF
2-2: Foul Ball, location: 7LMF
2-2: Fly out, F8 (Flyball, 8RD, EV 99.4 MPH)
Bottom of the 4th over - 0 runs, 1 hit, 1 error, 2 left on base; Vancouver 0 - Arizona 1
TOP OF THE 5TH
Vancouver Cascades batting - Pitching for Arizona Diamondbacks : RHP Jon Brownell
Batting: RHB Alan Rector 0-0: Ball
1-0: Fly out, F3 (Popup, 3S, EV 76.9 MPH)
Batting: RHB Francis Moreland 0-0: Ball
1-0: Ball
2-0: Ball
3-0: Base on Balls
Batting: LHB Frank Hare 0-0: Called Strike
0-1: Ball
1-1: Foul Ball, location: 7LDF
1-2: Ground out 4-3 (Groundball, 4S, EV 73.1 MPH)
Francis Moreland to second
Batting: LHB Rey Esparza 0-0: Ball
1-0: Ball
2-0: Foul Ball, location: 23F
2-1: Fly out, F8 (Flyball, 8RS, EV 81.3 MPH)
Top of the 5th over - 0 runs, 0 hits, 0 errors, 1 left on base; Vancouver 0 - Arizona 1
BOTTOM OF THE 5TH
Arizona Diamondbacks batting - Pitching for Vancouver Cascades : RHP Dewitt Harris
Pitching: RHP Tony Young
Batting: RHB Gaius Raton 0-0: Ball
1-0: Foul Ball, location: 3FF
1-1: SINGLE (Line Drive, 9LS, EV 107.5 MPH)
Batting: LHB Wil Solís 0-0: Ball
1-0: Called Strike
Gaius Raton steals 2nd base
1-1: Ball
2-1: Called Strike
2-2: Foul Ball, location: 2F
2-2: Foul Ball, location: 7LMF
2-2: Foul Ball, location: 7LDF
2-2: Ball
3-2: Base on Balls
Batting: LHB Peter Conrad 0-0: Fly out, F6 (Popup, 56D, EV 56.9 MPH)
Batting: LHB Michael Freeman 0-0: Ball
1-0: Ball
2-0: Called Strike
2-1: Foul Ball, location: 7LDF
2-2: Ball
3-2: SINGLE (Line Drive, 89S, EV 91.9 MPH)
Gaius Raton to third
Wil Solís to second
Batting: RHB Duncan Hancock 0-0: Foul Ball, location: 25FF
0-1: Called Strike
0-2: Ball
1-2: Foul Ball, location: 23F
1-2: Foul Ball, location: 7LMF
1-2: Grounds into double play, 6-4-3 (Groundball, 6, EV 85.0 MPH)
Bottom of the 5th over - 0 runs, 2 hits, 0 errors, 2 left on base; Vancouver 0 - Arizona 1
TOP OF THE 6TH
Vancouver Cascades batting - Pitching for Arizona Diamondbacks : RHP Jon Brownell
Batting: LHB Tony Patino 0-0: Called Strike
0-1: Ground out 4-3 (Groundball, 4, EV 79.4 MPH)
Batting: LHB Lawrence Carla 0-0: Called Strike
0-1: Ball
1-1: Swinging Strike
1-2: Ball
2-2: Ground out 4-3 (Groundball, 4, EV 80.0 MPH)
Batting: LHB Tony Wichmann 0-0: Ball
1-0: Swinging Strike
1-1: Swinging Strike
1-2: Ball
2-2: Foul Ball, location: 7LSF
2-2: Foul Ball, location: 2F
2-2: Ball
3-2: Strikes out swinging
Top of the 6th over - 0 runs, 0 hits, 0 errors, 0 left on base; Vancouver 0 - Arizona 1
BOTTOM OF THE 6TH
Arizona Diamondbacks batting - Pitching for Vancouver Cascades : RHP Tony Young
Batting: RHB Tadd Bateman 0-0: Ball
1-0: Ball
2-0: Ground out 6-3 (Groundball, 6, EV 105.0 MPH)
Batting: LHB Oliver Paradis 0-0: Ball
1-0: Ball
2-0: SINGLE (Groundball, 4D, EV 105.6 MPH)
Batting: RHB Josef Horne 0-0: Swinging Strike
0-1: SINGLE (Groundball, 6MD, EV 103.8 MPH)
Oliver Paradis to second
Runner from 2nd tries for 3rd, OUT! 8-5
Josef Horne to second
Batting: RHB Luís Estrada 0-0: Fly out, F8 (Flyball, 8RD, EV 81.9 MPH)
Bottom of the 6th over - 0 runs, 2 hits, 0 errors, 1 left on base; Vancouver 0 - Arizona 1
TOP OF THE 7TH
Vancouver Cascades batting - Pitching for Arizona Diamondbacks : RHP Jon Brownell
Batting: RHB Echo Warren 0-0: Ball
1-0: Ball
2-0: Called Strike
2-1: Foul Ball, location: 2F
2-2: Ball
3-2: Foul Ball, location: 5DF
3-2: SINGLE (Line Drive, 8RS, EV 98.8 MPH)
Batting: RHB Jessie Cochran 0-0: Grounds into double play, 5-4-3 (Groundball, 56, EV 101.3 MPH)
Batting: RHB Alan Rector 0-0: Reached on error, E8 (Line Drive, 8LM, EV 107.5 MPH)
Batting: RHB Francis Moreland 0-0: Called Strike
0-1: Ball
1-1: Swinging Strike
1-2: Strikes out looking
Top of the 7th over - 0 runs, 1 hit, 1 error, 1 left on base; Vancouver 0 - Arizona 1
BOTTOM OF THE 7TH
Arizona Diamondbacks batting - Pitching for Vancouver Cascades : RHP Tony Young
Batting: RHB Gaius Raton 0-0: Ball
1-0: Called Strike
1-1: Fly out, F4 (Popup, 4M, EV 59.4 MPH)
Batting: LHB Wil Solís 0-0: Foul Ball, location: 3FF
0-1: Swinging Strike
0-2: Foul Ball, location: 3F
0-2: Ball
1-2: Fly out, F2 (Popup, 2R, EV 90.6 MPH)
Batting: LHB Peter Conrad 0-0: Ball
1-0: Foul Ball, location: 2F
1-1: Ball
2-1: Foul Ball, location: 2F
2-2: Foul Ball, location: 3F
2-2: Foul Ball, location: 7LDF
2-2: Ball
3-2: Strikes out swinging
Bottom of the 7th over - 0 runs, 0 hits, 0 errors, 0 left on base; Vancouver 0 - Arizona 1
TOP OF THE 8TH
Vancouver Cascades batting - Pitching for Arizona Diamondbacks : RHP Jon Brownell
Pitching: RHP Elyaniv Segel
Batting: LHB Frank Hare 0-0: Called Strike
0-1: Ball
1-1: Ball
2-1: Swinging Strike
2-2: Strikes out swinging
Batting: LHB Rey Esparza 0-0: Called Strike
0-1: Ball
1-1: Foul Ball, location: 25FF
1-2: Ball
2-2: Ground out 5-3 (Groundball, 5, EV 78.8 MPH)
Batting: LHB Tony Patino 0-0: Called Strike
0-1: Ball
1-1: Foul Ball, location: 9LSFF
1-2: SINGLE (Line Drive, 4D, EV 102.5 MPH)
Batting: LHB Lawrence Carla 0-0: Ball
1-0: Called Strike
1-1: 2-RUN HOME RUN (Flyball, 89XD, EV 100.0 MPH), Distance : 399 ft
Batting: LHB Tony Wichmann 0-0: Ball
1-0: DOUBLE (Line Drive, 89XD, EV 110.6 MPH) - OUT at third base trying to stretch hit.
Top of the 8th over - 2 runs, 3 hits, 0 errors, 0 left on base; Vancouver 2 - Arizona 1
BOTTOM OF THE 8TH
Arizona Diamondbacks batting - Pitching for Vancouver Cascades : RHP Tony Young
Pitching: RHP Xavier Miller
Batting: LHB Michael Freeman 0-0: Called Strike
0-1: Foul Ball, location: 9LSF
0-2: Foul Ball, location: 9LSFF
0-2: Fly out, F7 (Line Drive, 7, EV 91.9 MPH)
Batting: RHB Duncan Hancock 0-0: Ball
1-0: Ball
2-0: Swinging Strike
2-1: Ball
3-1: Called Strike
3-2: Strikes out swinging
Batting: RHB Tadd Bateman 0-0: Called Strike
0-1: Called Strike
0-2: Ball
1-2: Ground out 6-3 (Groundball, 56, EV 99.4 MPH)
Bottom of the 8th over - 0 runs, 0 hits, 0 errors, 0 left on base; Vancouver 2 - Arizona 1
TOP OF THE 9TH
Vancouver Cascades batting - Pitching for Arizona Diamondbacks : RHP Elyaniv Segel
Batting: RHB Echo Warren 0-0: Called Strike
0-1: SINGLE (Flyball, 78S, EV 89.4 MPH)
Batting: RHB Jessie Cochran 0-0: Called Strike
0-1: Ball
1-1: Ball
2-1: SINGLE (Groundball, 4MD, EV 98.8 MPH)
Echo Warren to second
Batting: RHB Alan Rector 0-0: Called Strike
0-1: Ball
1-1: Foul Ball, location: 5SF
1-2: Strikes out swinging
Batting: RHB Francis Moreland 0-0: Called Strike
0-1: Ball
1-1: Called Strike
1-2: SINGLE (Groundball, 6MD, EV 110.0 MPH)
Echo Warren to third
Jessie Cochran to second
Batting: LHB Frank Hare 0-0: Fly out, F8 (Flyball, 8RM, EV 80.6 MPH)
Runner from 3rd tags up, SCORES, throw by CF
Batting: LHB Rey Esparza 0-0: Called Strike
0-1: Swinging Strike
0-2: TRIPLE (Line Drive, 9LD, EV 110.0 MPH)
Jessie Cochran scores
Francis Moreland scores
Pitching: RHP J.R. White
Batting: LHB Tony Patino 0-0: Fly out, F7 (Flyball, 78M, EV 77.5 MPH)
Top of the 9th over - 3 runs, 4 hits, 0 errors, 1 left on base; Vancouver 5 - Arizona 1
BOTTOM OF THE 9TH
Arizona Diamondbacks batting - Pitching for Vancouver Cascades : RHP Xavier Miller
Batting: LHB Oliver Paradis 0-0: Swinging Strike
0-1: Ball
1-1: Foul Ball, location: 25F
1-2: SINGLE (Line Drive, 78S, EV 92.5 MPH)
Batting: RHB Josef Horne 0-0: Fielders Choice at 2nd, 5-4 (Groundball, 56, EV 86.9 MPH)
Pinch Hitting: SHB Enrique Mata 0-0: Called Strike
0-1: Grounds into double play, U6-3 (Groundball, 4MS, EV 81.9 MPH)
Bottom of the 9th over - 0 runs, 1 hit, 0 errors, 0 left on base; Vancouver 5 - Arizona 1
Sunday, April 21st , 2024 - OOTP Baseball 24.11 Build 85